TOP OF THE 1ST |
Brevard County Manatees batting - Pitching for St. Lucie Mets : RHP Zong-yuan Huang
|
Pitching: RHP Zong-yuan Huang
|
|
Batting: RHB Yoshiro Higuchi
|
0-0: Ball 1-0: Ground out 6-3 (Groundball, 6, EV 105.6 MPH)
|
Batting: RHB Colin Lakin
|
0-0: Ball 1-0: Ball 2-0: Ball 3-0: Called Strike 3-1: Foul Ball, location: 2F 3-2: Base on Balls
|
Batting: LHB Tom Butterbaugh
|
0-0: SINGLE (Groundball, 34D, EV 98.8 MPH) Colin Lakin to second Runner from 2nd tries for 3rd, SAFE, throw by RF made to third
|
Batting: SHB Martin Madsen
|
0-0: Ball 1-0: Called Strike 1-1: Fly out, F7 (Flyball, 7LS, EV 87.5 MPH)
|
Batting: LHB Marshall Licata
|
0-0: Ball 1-0: Foul Ball, location: 2F 1-1: Ball 2-1: Fly out, F8 (Flyball, 8RS, EV 77.5 MPH)
|
Top of the 1st over - 0 runs, 1 hit, 0 errors, 2 left on base; Brevard County 0 - St. Lucie 0 |
BOTTOM OF THE 1ST |
St. Lucie Mets batting - Pitching for Brevard County Manatees : RHP Joe Shaw
|
Pitching: RHP Joe Shaw
|
|
Batting: RHB José Molina
|
0-0: Ball 1-0: Swinging Strike 1-1: Swinging Strike 1-2: Ball 2-2: Ball 3-2: Base on Balls
|
Batting: SHB Tomas Caldera
|
0-0: Ball 1-0: Foul Ball, location: 2F 1-1: Called Strike 1-2: Fly out, F9 (Flyball, 9, EV 82.5 MPH)
|
Batting: LHB Allen Cosentino
|
0-0: Ball 1-0: Ball 2-0: Ball 3-0: Called Strike 3-1: Base on Balls José Molina to second
|
Batting: LHB Chris Pulsipher
|
0-0: Ball 1-0: SINGLE (Groundball, 4D, EV 99.4 MPH) José Molina to third Allen Cosentino to second
|
Batting: LHB Bob Aguilar
|
0-0: Fielders Choice at 2nd, 6-4 (Groundball, 6, EV 103.1 MPH) José Molina scores Allen Cosentino to third
|
Batting: RHB Antenor Malva
|
0-0: Ball Wild Pitch! Allen Cosentino scores Bob Aguilar to second 1-0: Called Strike 1-1: Ball 2-1: Ball 3-1: Base on Balls
|
Batting: RHB Hector Ayala
|
0-0: Fly out, F8 (Flyball, 8LD, EV 105.6 MPH)
|
Bottom of the 1st over - 2 runs, 1 hit, 0 errors, 2 left on base; Brevard County 0 - St. Lucie 2 |
TOP OF THE 2ND |
Brevard County Manatees batting - Pitching for St. Lucie Mets : RHP Zong-yuan Huang
|
Batting: RHB Ryan Franklin
|
0-0: Called Strike 0-1: Ball 1-1: Foul Ball, location: 2F 1-2: Strikes out swinging, 2-3 out at first.
|
Batting: RHB D.J. Martinez
|
0-0: Ball 1-0: Called Strike 1-1: Ball 2-1: Ball 3-1: Called Strike 3-2: Foul Ball, location: 2F 3-2: Base on Balls
|
Batting: RHB Casey Truax
|
0-0: Swinging Strike 0-1: Swinging Strike 0-2: Strikes out looking
|
Batting: RHB Joe Shaw
|
0-0: Ball 1-0: Foul Ball, location: 2F 1-1: Ball 2-1: Foul Ball, location: 2F 2-2: Ball 3-2: Strikes out looking
|
Top of the 2nd over - 0 runs, 0 hits, 0 errors, 1 left on base; Brevard County 0 - St. Lucie 2 |
BOTTOM OF THE 2ND |
St. Lucie Mets batting - Pitching for Brevard County Manatees : RHP Joe Shaw
|
Batting: RHB Vinny Ramales
|
0-0: Foul Ball, location: 2F 0-1: Ball 1-1: Ball 2-1: Foul Ball, location: 2F 2-2: Fly out, F8 (Line Drive, 8LD, EV 89.4 MPH)
|
Batting: RHB Zong-yuan Huang
|
0-0: Called Strike 0-1: Fly out, F4 (Popup, 3D, EV 52.5 MPH)
|
Batting: RHB José Molina
|
0-0: Called Strike 0-1: Called Strike 0-2: Fly out, F7 (Flyball, 7, EV 78.1 MPH)
|
Bottom of the 2nd over - 0 runs, 0 hits, 0 errors, 0 left on base; Brevard County 0 - St. Lucie 2 |
TOP OF THE 3RD |
Brevard County Manatees batting - Pitching for St. Lucie Mets : RHP Zong-yuan Huang
|
Batting: RHB Yoshiro Higuchi
|
0-0: Ground out 5-3 (Groundball, 56, EV 83.8 MPH)
|
Batting: RHB Colin Lakin
|
0-0: Ball 1-0: Fly out, F8 (Flyball, 8RD, EV 103.8 MPH)
|
Batting: LHB Tom Butterbaugh
|
0-0: Foul Ball, location: 2F 0-1: Swinging Strike 0-2: SOLO HOME RUN (Line Drive, 89XD, EV 110.6 MPH), Distance : 424 ft
|
Batting: SHB Martin Madsen
|
0-0: Ground out 4-3 (Groundball, 4, EV 78.8 MPH)
|
Top of the 3rd over - 1 run, 1 hit, 0 errors, 0 left on base; Brevard County 1 - St. Lucie 2 |
BOTTOM OF THE 3RD |
St. Lucie Mets batting - Pitching for Brevard County Manatees : RHP Joe Shaw
|
Batting: SHB Tomas Caldera
|
0-0: Ball 1-0: SINGLE (Flyball, 89S, EV 95.6 MPH)
|
Batting: LHB Allen Cosentino
|
0-0: Ball Tomas Caldera steals 2nd base (no throw) 1-0: Foul Ball, location: 2F 1-1: Ball 2-1: Ball 3-1: Foul Ball, location: 2F 3-2: DOUBLE (Flyball, 8RXD, EV 104.4 MPH) Tomas Caldera scores
|
Batting: LHB Chris Pulsipher
|
0-0: Called Strike 0-1: Foul Ball, location: 2F 0-2: Ball 1-2: Foul Ball, location: 2F 1-2: Foul Ball, location: 2F 1-2: Foul Ball, location: 2F 1-2: Foul Ball, location: 2F 1-2: Ball 2-2: Foul Ball, location: 2F 2-2: Ground out U3 (Groundball, 34, EV 81.9 MPH) Allen Cosentino to third
|
Batting: LHB Bob Aguilar
|
0-0: Called Strike 0-1: Fly out, F8 (Flyball, 8LD, EV 105.6 MPH) Runner from 3rd tags up, SCORES, throw by CF
|
Batting: RHB Antenor Malva
|
0-0: Called Strike 0-1: Ball 1-1: Foul Ball, location: 2F 1-2: Ball 2-2: Fly out, F7 (Flyball, 7, EV 85.0 MPH)
|
Bottom of the 3rd over - 2 runs, 2 hits, 0 errors, 0 left on base; Brevard County 1 - St. Lucie 4 |
TOP OF THE 4TH |
Brevard County Manatees batting - Pitching for St. Lucie Mets : RHP Zong-yuan Huang
|
Batting: LHB Marshall Licata
|
0-0: Called Strike 0-1: Called Strike 0-2: Foul Ball, location: 2F 0-2: Fly out, F5 (Flyball, 5D, EV 86.9 MPH)
|
Batting: RHB Ryan Franklin
|
0-0: Called Strike 0-1: Ball 1-1: Ball 2-1: Foul Ball, location: 2F 2-2: Fly out, F7 (Flyball, 7D, EV 98.1 MPH)
|
Batting: RHB D.J. Martinez
|
0-0: Fly out, F9 (Flyball, 9S, EV 88.1 MPH)
|
Top of the 4th over - 0 runs, 0 hits, 0 errors, 0 left on base; Brevard County 1 - St. Lucie 4 |
BOTTOM OF THE 4TH |
St. Lucie Mets batting - Pitching for Brevard County Manatees : RHP Joe Shaw
|
Batting: RHB Hector Ayala
|
0-0: Ball 1-0: Called Strike 1-1: Ball 2-1: Ball 3-1: Base on Balls
|
Batting: RHB Vinny Ramales
|
0-0: Grounds into double play, 5-4-3 (Groundball, 56S, EV 90.6 MPH)
|
Batting: RHB Zong-yuan Huang
|
0-0: Ball 1-0: Foul Ball, location: 2F 1-1: Foul Ball, location: 2F 1-2: Strikes out looking
|
Bottom of the 4th over - 0 runs, 0 hits, 0 errors, 0 left on base; Brevard County 1 - St. Lucie 4 |
TOP OF THE 5TH |
Brevard County Manatees batting - Pitching for St. Lucie Mets : RHP Zong-yuan Huang
|
Batting: RHB Casey Truax
|
0-0: Ball 1-0: Swinging Strike 1-1: Ball 2-1: Swinging Strike 2-2: Strikes out swinging
|
Batting: RHB Joe Shaw
|
0-0: Ball 1-0: Fly out, F8 (Flyball, 78D, EV 103.8 MPH)
|
Batting: RHB Yoshiro Higuchi
|
0-0: SINGLE (Flyball, 8RS, EV 95.0 MPH)
|
Batting: RHB Colin Lakin
|
0-0: Called Strike 0-1: Ball 1-1: Ball 2-1: Fielders Choice at 2nd, 6-4 (Groundball, 6, EV 86.9 MPH)
|
Top of the 5th over - 0 runs, 1 hit, 0 errors, 1 left on base; Brevard County 1 - St. Lucie 4 |
BOTTOM OF THE 5TH |
St. Lucie Mets batting - Pitching for Brevard County Manatees : RHP Joe Shaw
|
Batting: RHB José Molina
|
0-0: Foul Ball, location: 2F 0-1: Swinging Strike 0-2: Ball 1-2: Ball 2-2: Ground out 4-3 (Groundball, 4, EV 95.6 MPH)
|
Batting: SHB Tomas Caldera
|
0-0: Foul Ball, location: 2F 0-1: Ball 1-1: Ball 2-1: Fly out, F9 (Flyball, 9LS, EV 98.1 MPH)
|
Batting: LHB Allen Cosentino
|
0-0: Ball 1-0: Foul Ball, location: 2F 1-1: Fly out, F7 (Flyball, 7LS, EV 86.9 MPH)
|
Bottom of the 5th over - 0 runs, 0 hits, 0 errors, 0 left on base; Brevard County 1 - St. Lucie 4 |
TOP OF THE 6TH |
Brevard County Manatees batting - Pitching for St. Lucie Mets : RHP Zong-yuan Huang
|
Batting: LHB Tom Butterbaugh
|
0-0: Foul Ball, location: 2F 0-1: Ball 1-1: Ball 2-1: Ball 3-1: Reached on error, E5 (Groundball, 15, EV 81.3 MPH)
|
Batting: SHB Martin Madsen
|
0-0: Called Strike Tom Butterbaugh steals 2nd base 0-1: Ball 1-1: Ball 2-1: Foul Ball, location: 2F 2-2: Fly out, F9 (Flyball, 9D, EV 95.6 MPH) Runner from 2nd tags up, SAFE at 3rd, no throw by RF
|
Batting: LHB Marshall Licata
|
0-0: Swinging Strike 0-1: Ball 1-1: Foul Ball, location: 2F 1-2: Ball 2-2: Foul Ball, location: 2F 2-2: Strikes out swinging
|
Batting: RHB Ryan Franklin
|
0-0: Ball 1-0: Ball 2-0: DOUBLE (Flyball, 89D, EV 101.9 MPH) Tom Butterbaugh scores
|
Pinch Runner at 2nd Ricky Wiernik:
|
|
Batting: RHB D.J. Martinez
|
0-0: Called Strike 0-1: Ball 1-1: Ball 2-1: Swinging Strike 2-2: Ball 3-2: Strikes out looking
|
Top of the 6th over - 1 run, 1 hit, 1 error, 1 left on base; Brevard County 2 - St. Lucie 4 |
BOTTOM OF THE 6TH |
St. Lucie Mets batting - Pitching for Brevard County Manatees : RHP Joe Shaw
|
Pitching: RHP Brian Harper
|
|
Now at SS: Ricky Wiernik
|
|
Batting: LHB Chris Pulsipher
|
0-0: Foul Ball, location: 2F 0-1: Ball 1-1: Swinging Strike 1-2: Ball 2-2: Foul Ball, location: 2F 2-2: Ball 3-2: Ground out U3 (Groundball, 3, EV 83.8 MPH)
|
Batting: LHB Bob Aguilar
|
0-0: Ball 1-0: Called Strike 1-1: Foul Ball, location: 2F 1-2: Ball 2-2: Ball 3-2: Strikes out looking
|
Batting: RHB Antenor Malva
|
0-0: DOUBLE (Line Drive, 89M, EV 112.5 MPH)
|
Batting: RHB Hector Ayala
|
0-0: Ball 1-0: Foul Ball, location: 2F 1-1: Foul Ball, location: 2F 1-2: Ball 2-2: Ground out 5-3 (Groundball, 5, EV 83.8 MPH)
|
Bottom of the 6th over - 0 runs, 1 hit, 0 errors, 1 left on base; Brevard County 2 - St. Lucie 4 |
TOP OF THE 7TH |
Brevard County Manatees batting - Pitching for St. Lucie Mets : RHP Zong-yuan Huang
|
Batting: RHB Casey Truax
|
0-0: Ball 1-0: Foul Ball, location: 2F 1-1: Fly out, F9 (Flyball, 9, EV 88.1 MPH)
|
Pinch Hitting: LHB Kiyoshi Tashima
|
0-0: Foul Ball, location: 2F 0-1: Swinging Strike 0-2: Strikes out swinging
|
Batting: RHB Yoshiro Higuchi
|
0-0: Foul Ball, location: 2F 0-1: Foul Ball, location: 2F 0-2: SINGLE (Groundball, 6MD, EV 97.5 MPH)
|
Batting: RHB Colin Lakin
|
0-0: Ball 1-0: Ball Balk! Yoshiro Higuchi to second 2-0: Ground out 3-1 (Groundball, 34, EV 105.6 MPH)
|
Top of the 7th over - 0 runs, 1 hit, 0 errors, 1 left on base; Brevard County 2 - St. Lucie 4 |
BOTTOM OF THE 7TH |
St. Lucie Mets batting - Pitching for Brevard County Manatees : RHP Brian Harper
|
Pitching: RHP Dave Hotaling
|
|
Batting: RHB Vinny Ramales
|
0-0: Ball 1-0: Ball 2-0: Called Strike 2-1: Swinging Strike 2-2: Ball 3-2: Strikes out looking
|
Pinch Hitting: RHB Jarne ter Horst
|
0-0: Ball 1-0: Ball 2-0: DOUBLE (Line Drive, 89D, EV 105.0 MPH)
|
Batting: RHB José Molina
|
0-0: Called Strike 0-1: SINGLE (Flyball, 3D, EV 85.6 MPH) Jarne ter Horst to third
|
Batting: SHB Tomas Caldera
|
0-0: Ball 1-0: Fly out, F8 (Line Drive, 8LM, EV 104.4 MPH) Runner from 3rd tags up, SCORES, throw by CF
|
Pitching: LHP Ruben Diaz
|
|
Batting: LHB Allen Cosentino
|
0-0: Ball 1-0: Foul Ball, location: 2F 1-1: Ball 2-1: Called Strike 2-2: Fly out, F8 (Flyball, 8LXD, EV 87.5 MPH)
|
Bottom of the 7th over - 1 run, 2 hits, 0 errors, 1 left on base; Brevard County 2 - St. Lucie 5 |
TOP OF THE 8TH |
Brevard County Manatees batting - Pitching for St. Lucie Mets : RHP Zong-yuan Huang
|
Pitching: RHP Billy Volland
|
|
Batting: LHB Tom Butterbaugh
|
0-0: Ball 1-0: Ground out 6-3 (Groundball, 6, EV 100.0 MPH)
|
Batting: SHB Martin Madsen
|
0-0: Ball 1-0: Swinging Strike 1-1: Ball 2-1: Ground out 5-3 (Groundball, 56, EV 86.9 MPH)
|
Batting: LHB Marshall Licata
|
0-0: Ball 1-0: Called Strike 1-1: Called Strike 1-2: Ball 2-2: Foul Ball, location: 2F 2-2: Ball 3-2: Ground out 4-3 (Groundball, 4, EV 90.6 MPH)
|
Top of the 8th over - 0 runs, 0 hits, 0 errors, 0 left on base; Brevard County 2 - St. Lucie 5 |
BOTTOM OF THE 8TH |
St. Lucie Mets batting - Pitching for Brevard County Manatees : LHP Ruben Diaz
|
Batting: LHB Chris Pulsipher
|
0-0: Ball 1-0: Ball 2-0: Foul Ball, location: 2F 2-1: Fly out, F7 (Flyball, 7S, EV 75.6 MPH)
|
Batting: LHB Bob Aguilar
|
0-0: Ball 1-0: Ball 2-0: Ball 3-0: Called Strike 3-1: Called Strike 3-2: Base on Balls
|
Pitching: RHP Joel Beckett
|
|
Batting: RHB Antenor Malva
|
0-0: Ball 1-0: Ball 2-0: Fly out, F7 (Flyball, 78XD, EV 82.5 MPH) Runner from 1st tags up, SAFE at 2nd
|
Batting: RHB Hector Ayala
|
0-0: Ball 1-0: Swinging Strike 1-1: Foul Ball, location: 2F 1-2: Fly out, F9 (Flyball, 89D, EV 101.9 MPH)
|
Bottom of the 8th over - 0 runs, 0 hits, 0 errors, 1 left on base; Brevard County 2 - St. Lucie 5 |
TOP OF THE 9TH |
Brevard County Manatees batting - Pitching for St. Lucie Mets : RHP Billy Volland
|
Now at SS: Dave Contreras
|
|
Now in LF: Steve Reichart
|
|
Batting: RHB Ricky Wiernik
|
0-0: Called Strike 0-1: Ball 1-1: Swinging Strike 1-2: Ball 2-2: Fly out, F9 (Flyball, 9D, EV 98.1 MPH)
|
Batting: RHB D.J. Martinez
|
0-0: Foul Ball, location: 2F 0-1: Ball 1-1: Ball 2-1: Foul Ball, location: 2F 2-2: Strikes out swinging
|
Batting: RHB Casey Truax
|
0-0: Foul Ball, location: 2F 0-1: Ground out 6-3 (Groundball, 6, EV 100.0 MPH)
|
Top of the 9th over - 0 runs, 0 hits, 0 errors, 0 left on base; Brevard County 2 - St. Lucie 5 |
|